 Dungeon Crawl Stone Soup version 0.25.0-46-gbd7b0854d2 (webtiles) character file.

Game seed: 9541136609033973314

115 Ethylacetat the Poker (level 5, -7/49 HPs)
             Began as a Naga Gladiator on July 14, 2020.
             Killed by divine providence
             ... invoked by an orc priest
              (12 damage)
             ... on level 3 of the Dungeon.
             The game lasted 00:03:54 (2623 turns).

Ethylacetat the Poker (Naga Gladiator)              Turns: 2623, Time: 00:03:55

Health: -7/49      AC:  5    Str: 17    XL:     5   Next: 0%
Magic:  5/5        EV: 10    Int:  8    God:
Gold:   64         SH:  0    Dex: 13    Spells: 4/4 levels left

rFire    . . .     SeeInvis +   p - -3 long sword (curse)
rCold    . . .     Gourm    .   (no shield)
rNeg     . . .     Faith    .   b - +0 leather armour
rPois    +         Spirit   .   c - +1 helmet
rElec    .         Reflect  .   (no cloak)
rCorr    .         Harm     .   (no gloves)
MR       .....     Rnd*Tele +   (no barding)
Stlth    +.........             (no amulet)
HPRegen  0.16/turn              (no ring)
MPRegen  0.09/turn              l - ring of teleportation (curse)

@: short of breath, very slow
A: large, see invisible, deformed body, poison resistance, slowness 2, slow
metabolism 1, spit poison 1, AC +1
a: Spit Poison


You were on level 3 of the Dungeon.
You were not hungry.

You visited 1 branch of the dungeon, and saw 3 of its levels.

You collected 64 gold pieces.

Inventory:

Hand Weapons
 a - a +0 trident
 p - a cursed -3 long sword (weapon)
Missiles
 d - 3 throwing nets (quivered)
Armour
 b - a +0 leather armour (worn)
 c - a +1 helmet (worn)
Jewellery
 l - a cursed ring of teleportation (right hand)
Potions
 g - a potion of mutation {unknown}
 h - a potion of haste {unknown}
 i - a potion of lignification {unknown}
 k - 3 potions of curing
Comestibles
 f - 4 rations
 j - 6 chunks of flesh


   Skills:
 + Level 3.2 Fighting
 * Level 4.8 Polearms
 - Level 1.7 Throwing
 - Level 2.4 Dodging


You had 4 spell levels left.
You didn't know any spells.
Your spell library was empty.

Dungeon Overview and Level Annotations

Branches:
Dungeon (3/15)

Altars:
Vehumet


Innate Abilities, Weirdness & Mutations

You cannot wear boots.
Your serpentine skin is tough. (AC +1)
You have supernaturally acute eyesight. (SInv)
Armour fits poorly on your strangely shaped body.
Your system is resistant to poisons. (rPois)
You cover ground very slowly.
You have a slow metabolism.
You can spit poison.


Message History

The orc hits you but does no damage.
You slash the orc!
You kill the orc!
You have reached level 5!
The orc wizard hits you but does no damage.
The orc wizard completely misses you.
Press: ? - help, Shift-Dir - straight line, f - orc priest, p - orc wizard
Aim: an orc priest, wielding a +0 dagger and wearing a +0 scale mail The splash of poison hits the orc wizard but does no damage.
The orc wizard is poisoned.
The orc wizard is moderately wounded.
You feel slightly more hungry.
The orc wizard hits you with a +0 dagger.
* * * LOW HITPOINT WARNING * * *
You hit the orc wizard but do no damage.
The orc wizard is moderately wounded.
The orc wizard hits you but does no damage.
The orc priest calls down the wrath of Beogh upon you.
Beogh smites you!
You die...

#......################
+......+..oo..........#
#......##.#o####.####.#
....... #÷#@#).'.'..#.#
....... #o#.#..#.#.⌠#.#
.......##o#.#'##.####.#
........o.#...........#
..........#.#'##.####.#
..>.......#.#..'.'..#.#
..........#.#÷.#.#..#.#
......)##.#.####.##'#.#
....... #.#...........#


You could see an orc priest, an orc wizard (fast, poisoned) and an orc.

Vanquished Creatures
  Terence (D:2)
  3 adders
  A worm (D:2)
  3 dart slugs (D:1)
  2 leopard geckos
  3 orcs (D:3)
  2 giant cockroaches
  7 goblins
  3 hobgoblins
  4 jackals (D:1)
  4 kobolds
  4 bats
  2 frilled lizards
  11 rats
50 creatures vanquished.

Notes
Turn   | Place    | Note
-------+----------+-------------------------------------------
     0 | D:1      | Ethylacetat the Naga Gladiator began the quest for the Orb.
     0 | D:1      | Reached XP level 1. HP: 19/19 MP: 1/1
   165 | D:1      | Reached XP level 2. HP: 7/26 MP: 2/2
   757 | D:1      | Reached XP level 3. HP: 33/33 MP: 3/3
  1087 | D:1      | Reached skill level 4 in Polearms
  1427 | D:2      | Found a radiant altar of Vehumet.
  1682 | D:2      | Noticed Terence
  1697 | D:2      | Killed Terence
  1697 | D:2      | Reached XP level 4. HP: 40/42 MP: 4/4
  2621 | D:3      | Reached XP level 5. HP: 7/49 MP: 5/5
  2623 | D:3      | Killed from afar by an orc priest

Illustrated notes

Levels and vault maps discovered:
D:1:      mainiacjoe_arrival_reflecting_pool, layout_loops_cross
D:2:      layout_loops_ring, nicolae_overflow_crystal_walls, uniq_terence
D:3:      minmay_door_path, layout_basic

Skill      XL: |  1  2  3 |
---------------+----------+-----
Polearms       | 4 |  4.8
Fighting       | 3 |  3.2
Throwing       | |  1.7
Dodging        | |  2.4

Action                   |  1- 3 |  4- 6 || total
-------------------------+-------+-------++-------
Melee: Trident           |   103 |       ||   103
       Long sword        |    20 |    36 ||    56
 Abil: Spit Poison       |     6 |    14 ||    20
  Use: Scroll            |     5 |     1 ||     6
 Stab: Sleeping          |     1 |       ||     1
  Eat: Chunk             |     1 |     4 ||     5
Armor: Leather armour    |    44 |    11 ||    55
Dodge: Dodged            |    67 |    25 ||    92
       Rpst.: Long sword |     5 |    10 ||    15
